Solvejg the Mocassin Coquette, lawful male human Samurai -------------------------------------------------------------------- .<|$|}}}}}}}}}...............................%.............}}}}}}}}}| |.|.|}-------}}}}}}}}}}}}}}}}}}}}}}}}}}}}}}}}}}}}}}}}}}}}}}}-------}| --.| |..^|}|..(..|-----------------------------------------------|)....|}| |...| --.|}|.....-...........)..........%%....%...%..............+%...%|}|--.|.| |.|.|}-------------------------------|-----------------------------}|...|.| |.|.|}.}}.}|....?...|..(...../.............| |}}}}}}|.--|.| |...|.....}|........|.(...(.(..|.$.........| |}.......|.|.| --.|%.).).|......%)|----------|@..........|--------+-- |}....(---.|.| ...|.)....._..{..)[%)()[[[[[..@N.......(\(-.........^. +........%+.$| .|.|..[..`|.....%%.|----------|+..........|--------+-- |}.....|.---- |....`...|......`.|..........|...........| |}.....|.. --}}.}}}|........|......................| |}}}}}}|-- |}-------------------------------+------ ------}| | |}| ---------- |}| }}}}}}}}}}-------}| .$%......}}}}}}}}}| ------------------ Solvejg the Mocassin Coquette the Ryoshu Experience level: 14 Strength: 25 Dexterity: 17 Constitution: 21 Intelligence: 10 Wisdom: 11 Charisma: 8 Health: 168(168) Energy: 67(67) Def: 20 Gold: 0 Moves: 26729 Dungeon seed: aZthoDSBTP1gPB9J Game ID: Solvejg the Mocassin Coquette_1466795109 Your Inventory: Weapons a - the blessed rustproof +4 Excalibur (weapon in hand) g - 9 uncursed +0 shuriken (in quiver) Armor j - an uncursed +0 elven mithril-coat (being worn) n - an uncursed very rusty +1 orcish helm (being worn) q - a blessed rusty +2 pair of gauntlets of power (being worn) r - an uncursed +0 elven cloak (being worn) Y - an uncursed +0 pair of water walking boots (being worn) Comestibles f - 2 uncursed lumps of royal jelly L - an uncursed lizard corpse Rings p - an uncursed +1 ring of gain constitution (on right hand) W - a blessed +2 ring of gain constitution (on left hand) Wands D - an uncursed wand of cold (0:5) E - an uncursed wand of lightning (0:2) Tools h - a blessed -1 unicorn horn i - a blessed blindfold l - an uncursed sack s - a blessed greased bag of holding u - an uncursed skeleton key x - a blessed rusty +0 pick-axe Gems P - a blessed luckstone Contents of the sack: 2 potions of holy water an uncursed wand of wishing (1:2) Contents of the bag of holding: 65 gold pieces an uncursed amulet of strangulation 32 uncursed +0 shuriken a blessed +0 pair of elven boots an uncursed +0 pair of levitation boots 5 uncursed C-rations 5 uncursed K-rations an uncursed eucalyptus leaf an uncursed scroll of blank paper a cursed scroll of charging 3 uncursed scrolls of enchant armor an uncursed scroll of gold detection 3 blessed scrolls of identify a blessed scroll of magic mapping an uncursed scroll of magic mapping a cursed scroll of punishment an uncursed scroll of scare monster a cursed scroll of taming an uncursed scroll of teleportation a cursed scroll of teleportation an uncursed potion of confusion 4 blessed potions of full healing 5 potions of holy water an uncursed potion of levitation an uncursed potion of object detection a cursed potion of object detection an uncursed potion of sickness a blessed potion of speed an uncursed potion of water an uncursed ring of fire resistance a cursed ring of teleportation an uncursed wand of cold (0:7) a cursed wand of cold (0:4) an uncursed wand of create monster (0:13) an uncursed wand of create monster (0:12) an uncursed wand of create monster (0:11) an uncursed wand of create monster (0:10) an uncursed wand of digging (0:5) an uncursed wand of enlightenment (0:6) an uncursed wand of lightning (0:6) an uncursed wand of lightning (0:6) an uncursed wand of lightning (0:6) an uncursed wand of lightning (0:4) an uncursed wand of magic missile (0:6) an uncursed wand of nothing (0:2) an uncursed wand of sleep (0:7) an uncursed wand of striking (0:7) an uncursed wand of undead turning (0:3) an uncursed magic whistle 9 uncursed tallow candles (0:200) an uncursed +0 unicorn horn an uncursed chrysoberyl stone an uncursed garnet stone 2 uncursed turquoise stones Spells and supernatural/magical abilities: Name Level Category Fail Memory r - remove curse 3* clerical 100% 0% T - turn undead 6 clerical 100% 11% W - pray for help -- divine ? -- Your skills at the end: Miscellaneous Skills martial arts [Basic] two weapon combat [Skilled] shield [Skilled] wands [Basic] Weapon Skills short sword [Basic] long sword [Skilled] bow [Basic] shuriken [Basic] Spellcasting Skills Final Attributes: You were piously aligned. You were fire resistant. You were sleep resistant. You were shock resistant. You were poison resistant. You were level-drain resistant. You saw invisible. You were telepathic. You had automatic searching. You were invisible to others. You were stealthy. You could walk on water. You were protected. You were fast. You were extremely lucky. You had extra luck. Good luck did not time out for you. You are dead. Vanquished creatures: Medusa Croesus 2 storm giants 2 purple worms a silver dragon a red dragon a white dragon an orange dragon 4 minotaurs 2 baluchitheria a master mind flayer an Olog-hai a titanothere 4 captains 2 water trolls 2 nurses a lurker above a frost giant 2 ghosts 7 lieutenants a queen bee 3 winged gargoyles 2 mind flayers 2 giant mimics 4 fire giants 3 ogre kings 4 ice trolls 4 umber hulks 2 flesh golems 2 doppelgangers a wumpus 3 long worms a couatl 7 stalkers a fire elemental an earth elemental 2 water elementals 2 hill giants 2 giant mummies a xorn a giant zombie 7 elf-lords 17 sergeants 6 wargs 2 small mimics 2 island nymphs 2 glass piercers a warhorse a xan an ettin mummy 2 ogre lords 8 quantum mechanics 11 trolls a sasquatch a wood golem 3 sharks 3 large dogs 2 freezing spheres a flaming sphere a large cat a tiger 4 gargoyles a gelatinous cube an ochre jelly 2 chameleons a crocodile a leocrotta 2 mountain centaurs 4 giants 5 elf mummies 5 human mummies 3 red nagas a green slime 2 pythons 2 cobras 3 ettin zombies 5 Grey-elves 107 soldiers a succubus 3 incubi 4 giant beetles 3 cockatrices 43 wolves a lynx a panther 3 quivering blobs a spotted jelly 6 lizards 2 mountain nymphs 3 orc-captains 2 mumakil 3 giant spiders an iron piercer a horse 3 ice vortices 2 black lights 3 vampire bats 4 forest centaurs 2 gnome kings 2 orc mummies a dwarf mummy an ogre 9 brown puddings 5 rust monsters 4 owlbears 2 yetis 2 gold golems a werewolf a Green-elf 8 giant eels 9 ninja 3 roshis 5 chickatrices 3 dogs 2 dingos 3 housecats 5 jaguars a dwarf lord 2 blue jellies 2 water nymphs 4 gray unicorns a black unicorn 6 dust vortices 2 ravens 5 plains centaurs 3 snakes 8 apes 6 human zombies a Woodland-elf 26 soldier ants 17 fire ants 7 bugbears 2 imps 3 quasits a baby crocodile a wood nymph 37 Mordor orcs 22 Uruk-hai 16 orc shamans 4 rock moles 2 rock piercers 4 ponies 3 fog clouds 4 yellow lights 6 shriekers a violet fungus 18 gnome lords 7 gnomish wizards 3 kobold mummies 2 red naga hatchlings 3 black naga hatchlings a golden naga hatchling a guardian naga hatchling 3 gray oozes 3 barrow wights 3 ghouls a straw golem 3 paper golems 3 jellyfish 16 giant ants 2 little dogs 2 floating eyes a kitten 4 dwarves 3 homunculi 2 kobold lords 2 kobold shamans an iguana 39 hill orcs 5 rothes 2 rabid rats a centipede 5 giant bats 2 monkeys an orc zombie 5 dwarf zombies 2 wererats a werejackal 26 killer bees 6 coyotes 5 gas spores 2 hobbits 4 acid blobs 5 large kobolds 11 geckos 13 hobgoblins 5 giant rats 11 cave spiders 5 brown molds 4 green molds 3 red molds 47 gnomes 10 garter snakes 6 gnome zombies 13 jackals 8 foxes 2 kobolds 8 newts 11 goblins 5 sewer rats 18 grid bugs 9 bats 4 lichens 6 kobold zombies 1058 creatures vanquished. Genocided species: liches demiliches master liches arch-liches 4 species genocided. Voluntary challenges: You used a wielded weapon 2119 times, starting on turn 2. You read items or engraved 137 times, starting on turn 54. You genocided 4 types of monsters, starting on turn 23034. You never polymorphed an object. You changed form 1 time, starting on turn 24270. You completed Sokoban on turn 4348, according to the rules. You used no wishes. You split 3 puddings, starting on turn 20437. You wrote Elbereth's name 50 times, starting on turn 54. You never violated your personal moral code. Dungeon overview: The Dungeons of Doom: levels 1 to 30 Level 1 some fountains a long staircase Level 2 a potion shop stairs to The Gnomish Mines Level 3 some altars to Amaterasu Omikami and Raijin, a fountain Level 4 Level 5 an altar to Amaterasu Omikami Level 6 a wand shop Level 7 many fountains Level 8 a fountain stairs to Sokoban Level 9 some fountains Level 10 Level 11 a general store Level 12 some fountains, a sink Level 13 a temple to Raijin, a fountain Level 14 portal to The Quest Level 15 a fountain Level 16 some fountains Level 17 some fountains Level 18 Level 19 Level 20 Level 21 portal to Fort Ludios Level 22 Level 23 a fountain Level 24 Level 25 Level 26 Level 27 Level 28 Level 29 Level 30 <- You were here a magic chest, a fountain, a throne Gehennom: Level 31 stairs to The Dungeons of Doom The Gnomish Mines: levels 3 to 10 Level 3 stairs to The Dungeons of Doom Level 4 Level 5 Level 6 many shops, a temple to Raijin, a magic chest, some fountains Level 7 Level 8 Level 9 Level 10 some altars to Amaterasu Omikami and Moloch, a magic chest, some fountains The Quest: Level 1 a magic chest portal to The Dungeons of Doom Sokoban: levels 4 to 7 Level 4 a magic chest Level 5 Level 6 Level 7 a magic chest stairs to The Dungeons of Doom Fort Ludios: Level 1 a magic chest portal to The Dungeons of Doom History has recorded: On T:1 you entered the Dungeons of Doom to retrieve the Amulet of Yendor! On T:166 you reached level 2 of The Dungeons of Doom. On T:293 you reached level 3 of The Dungeons of Doom. On T:341 you advanced to experience level 2. On T:485 you advanced to experience level 3. On T:639 you reached level 4 of The Dungeons of Doom. On T:854 you reached level 5 of The Dungeons of Doom. On T:971 you advanced to experience level 4. On T:1122 you reached level 6 of The Dungeons of Doom. On T:1298 you reached level 7 of The Dungeons of Doom. On T:1328 you advanced to experience level 5. On T:1542 you reached level 8 of The Dungeons of Doom. On T:1704 you reached level 4 of Sokoban. On T:1713 you opened a magic chest. On T:1713 you opened a magic chest. On T:1721 you opened a magic chest. On T:2142 you advanced to experience level 6. On T:2280 you opened a magic chest. On T:2426 you reached level 3 of Sokoban. On T:2777 you reached level 2 of Sokoban. On T:3042 you advanced to experience level 7. On T:3351 you reached level 1 of Sokoban. On T:4348 you advanced to experience level 8. On T:4348 you entered the Sokoban zoo. On T:4375 you opened a magic chest. On T:4922 you reached level 1 of The Gnomish Mines. On T:4998 you reached level 2 of The Gnomish Mines. On T:5224 you reached level 3 of The Gnomish Mines. On T:5442 you reached level 4 of The Gnomish Mines. On T:5470 you entered the Minetown temple On T:5500 you opened a magic chest. On T:5503 you opened a magic chest. On T:5868 you reached level 5 of The Gnomish Mines. On T:6184 you reached level 6 of The Gnomish Mines. On T:6286 you reached level 7 of The Gnomish Mines. On T:6569 you advanced to experience level 9. On T:6888 you reached level 8 of The Gnomish Mines. On T:6888 you reached the bottom of the Mines. On T:7594 you opened a magic chest. On T:8505 you received Snickersnee from Amaterasu Omikami. On T:8879 you advanced to experience level 10. On T:9448 you opened a magic chest. On T:10760 you reached level 9 of The Dungeons of Doom. On T:10946 you reached level 10 of The Dungeons of Doom. On T:11283 you reached level 11 of The Dungeons of Doom. On T:11445 you reached level 12 of The Dungeons of Doom. On T:11851 you reached level 13 of The Dungeons of Doom. On T:11947 you reached level 17 of The Dungeons of Doom. On T:12104 you reached level 18 of The Dungeons of Doom. On T:12133 you reached level 16 of The Dungeons of Doom. On T:12266 you reached level 15 of The Dungeons of Doom. On T:12399 you reached level 14 of The Dungeons of Doom. On T:12954 you reached level 1 of The Quest. On T:13791 you advanced to experience level 11. On T:14115 you reached level 19 of The Dungeons of Doom. On T:14668 you reached level 20 of The Dungeons of Doom. On T:14886 you reached level 21 of The Dungeons of Doom. On T:16852 you reached level 22 of The Dungeons of Doom. On T:16937 you reached level 23 of The Dungeons of Doom. On T:17446 you reached level 24 of The Dungeons of Doom. On T:17793 you reached level 25 of The Dungeons of Doom. On T:18034 you advanced to experience level 12. On T:18036 you advanced to experience level 13. On T:18037 you advanced to experience level 14. On T:18152 you reached level 26 of The Dungeons of Doom. On T:18154 you killed Medusa on level 26 of The Dungeons of Doom. On T:18887 you opened a magic chest. On T:18889 you opened a magic chest. On T:18889 you opened a magic chest. On T:18890 you opened a magic chest. On T:19861 you reached Fort Ludios. On T:21035 you killed Croesus in Fort Ludios. On T:21191 you opened a magic chest. On T:21191 you opened a magic chest. On T:21192 you opened a magic chest. On T:21555 you opened a magic chest. On T:21557 you opened a magic chest. On T:21597 you opened a magic chest. On T:22199 you opened a magic chest. On T:22632 you embarked upon an epic quest. On T:23756 you reached level 27 of The Dungeons of Doom. On T:24183 you reached level 28 of The Dungeons of Doom. On T:24708 you reached level 29 of The Dungeons of Doom. On T:25243 you reached The Castle. On T:26271 you reached The Valley of the Dead. Score breakdown: Gold: 65 ( 6 points) Experience: 14 levels ( 1300 points) Exploration: 31 levels ( 900 points) Discoveries: 94 items ( 2000 points) Variety of kills: 204 monsters ( 2000 points) Major goal: Sokoban/Mines ( 1500 points) Survival: died (score multiplied by 3) Total score: 23118 Latest messages: There are a few objects here. There are many objects here. There is a broken door here. There are many objects here. (2x) There are several objects here. There are many objects here. There are a few objects here. There are several objects here. (2x) There are many objects here. (2x) The guardian naga bumps right into you! The guardian naga bumps right into you! (2x) Please move the cursor to an unknown object. Done. There is an open door here. There are many objects here. The lieutenant zaps a spiked wand! The death ray hits you! Final status: Sayonara Solvejg the Mocassin Coquette the Samurai, killed by a death ray... You died in The Dungeons of Doom on dungeon level 30 with 23118 points, and 65 pieces of gold, after 26729 moves. You were level 14 with a maximum of 168 hit points when you died.